 Dungeon Crawl Stone Soup version 0.16-a0-3781-g2316936 (webtiles) character file.

2237 PolkaDot the Jinx (level 9, -2/57 HPs)
             Began as a Vampire Enchanter on Jan 25, 2015.
             Was an Initiate of Gozag.
             Shot with an arrow by a centaur (17 damage)
             ... on level 7 of the Dungeon.
             The game lasted 00:21:10 (6483 turns).

PolkaDot the Jinx (Vampire Enchanter)               Turns: 6483, Time: 00:21:10

Health: -2/57      AC:  5    Str:  7    XL:     9   Next: 14%
Magic:  14/14      EV: 13    Int: 20    God:    Gozag
Gold:   887        SH:  0    Dex: 17    Spells: 3 memorised, 6 levels left

rFire  . . .     SeeInvis +     s - +3 dagger (speed)
rCold  + + .     Clarity  .     b - +1 robe
rNeg   + + +     SustAb   .     (no shield)
rPois  ∞         Gourm    .     g - +1 hat
rElec  .         Spirit   .     a - +0 cloak
rCorr  .         Warding  .     (no gloves)
rMut   .         Stasis   .     (no boots)
MR     .....                    (no amulet)
Stlth  ++++++....               k - +3 ring of dexterity
                                (no ring)

@: bloodless, non-regenerating, not resistant to hostile enchantments, very
stealthy
A: bottle blood, fangs 3, see invisible, unbreathing
a: Bat Form, Potion Petition, Call Merchant, Bribe Branch, Renounce Religion


You were on level 7 of the Dungeon.
You worshipped Gozag.
Gozag was noncommittal.
You were bloodless.

You visited 1 branch of the dungeon, and saw 7 of its levels.
You also visited: Sewer.

You collected 1014 gold pieces.
You paid 127 gold pieces to Gozag.

Inventory:

Hand weapons
 s - a +3 dagger of speed (weapon)
Missiles
 i - 2 throwing nets (quivered)
Armour
 a - a +0 cloak (worn)
 b - a +1 robe (worn)
 g - a +1 hat (worn)
Jewellery
 k - a +3 ring of dexterity (right hand)
Magical devices
 o - a wand of flame (20)
Scrolls
 e - 4 scrolls of teleportation
 f - 2 scrolls of enchant armour
 n - a scroll of random uselessness {unknown}
 p - a scroll of recharging {unknown}
 y - a scroll of amnesia {unknown}
 A - a scroll of enchant weapon
Potions
 d - 2 potions of might
 h - 2 potions of haste
 j - 2 potions of brilliance
 l - 2 potions of heal wounds
 m - a potion of berserk rage
 q - 2 potions of agility {unknown}
 r - 5 potions of curing
 t - a potion of invisibility {unknown}
 u - 2 potions of lignification {unknown}
 v - a potion of beneficial mutation {unknown}
 w - a potion of cancellation {unknown}
 x - a potion of resistance {unknown}
 z - a potion of restore abilities {unknown}
Books
 c - a book of Maledictions

   Spells                             Type                      Level
   a - Corona                         Hexes                        1
   b - Sure Blade                     Hexes/Charms                 2
   c - Ensorcelled Hibernation        Hexes/Ice                    2
   d - Confuse                        Hexes                        3
   e - Dazzling Spray                 Conjuration/Hexes            3
   f - Enslavement                    Hexes                        4


   Skills:
 + Level 6.8 Short Blades
 - Level 2.1 Dodging
 + Level 10.4 Stealth
 - Level 2.0 Spellcasting
 * Level 12.2 Hexes
 - Level 1.6 Ice Magic


You had 6 spell levels left.
You knew the following spells:

 Your Spells              Type           Power        Failure   Level  Hunger
a - Corona                Hex            ######.      1%          1    #......
c - Confuse               Hex            ######..     1%          3    ###....
d - Ensorcelled Hibernat  Hex/Ice        ####..       1%          2    ##.....


Dungeon Overview and Level Annotations

Branches:
Dungeon (7/15)             Temple (0/1) D:5

Altars:
Fedhas
Gozag
Okawaru
Qazlal
Sif Muna
Trog
The Shining One


Innate Abilities, Weirdness & Mutations

You do not heal naturally.
You can bottle blood from corpses.
You have razor-sharp teeth.
You have supernaturally acute eyesight.
You can survive without breathing.


Message History

You climb downwards.
There is a stone staircase leading up here.
A giant newt and a centaur come into view.
The centaur shouts!
The centaur wields a runed shortbow.
It bursts into flame!
The centaur shoots an arrow.
The arrow hits you! The arrow burns you.
You see here an arrow.
The centaur shoots an arrow.
The arrow hits you!
* * * LOW HITPOINT WARNING * * *
The arrow burns you.
* * * LOW HITPOINT WARNING * * *
You see here an arrow.
You are too injured to fight recklessly!
The centaur shoots an arrow.
The arrow hits you!
* * * LOW HITPOINT WARNING * * *
The arrow burns you.
* * * LOW HITPOINT WARNING * * *
The centaur shoots an arrow.
The arrow hits you!
You die...
Your body crumbles into a pile of gold.

.# # .# #.#####.###
##.........
.....!....# #<.#
##..#
...#######(..####.
....lc..@($.....?..
.#########..$####.
###.# ... ..## ...
.##


You could see a centaur and a giant newt (wandering).

Vanquished Creatures
  Grinder (D:6)
  A water moccasin (D:6)
  A black bear (D:6)
  3 ogres
  2 phantoms
  5 centaurs
  A crocodile (Sewer)
  2 giant frogs (D:6)
  A centaur zombie (D:5)
  An orc priest (D:4)
  A centaur skeleton (D:3)
  A crimson imp (D:5)
  A quasit (D:6)
  2 jellies (D:6)
  3 hounds
  2 orc wizards (D:6)
  7 worker ants
  2 iguanas
  Terence (D:3)
  A worker ant zombie (D:6)
  5 adders
  4 gnolls (D:5)
  2 worms
  An adder skeleton (D:6)
  4 giant geckos
  10 orcs
  3 ball pythons
  19 bats
  10 goblins
  13 hobgoblins
  8 jackals
  15 kobolds
  4 quokkas
  2 giant cockroaches (D:1)
  6 giant newts
  2 goblin skeletons (D:6)
  2 goblin zombies (D:6)
  5 hobgoblin zombies (D:6)
  2 kobold skeletons (D:6)
  A kobold zombie (D:6)
  An orc zombie (D:6)
  A quokka skeleton (D:4)
  7 rats
166 creatures vanquished.

Notes
Turn   | Place    | Note
--------------------------------------------------------------
     0 | D:1      | PolkaDot, the Vampire Enchanter, began the quest for the Orb.
     0 | D:1      | Reached XP level 1. HP: 13/13 MP: 3/3
   129 | D:1      | Reached XP level 2. HP: 19/19 MP: 4/4
   782 | D:1      | Reached skill level 5 in Hexes
  1180 | D:1      | Reached XP level 3. HP: 16/24 MP: 6/6
  1185 | D:1      | Learned a level 3 spell: Confuse
  1188 | D:1      | Learned a level 2 spell: Ensorcelled Hibernation
  1524 | D:2      | Found an iron altar of Okawaru.
  1741 | D:2      | Reached skill level 5 in Stealth
  1966 | D:2      | Found an opulent altar of Gozag.
  2331 | D:3      | Found a glowing drain.
  2351 | D:3      | Reached XP level 4. HP: 30/30 MP: 0/7
  2365 | D:3      | Reached skill level 1 in Ice Magic
  2461 | Sewer    | Entered a sewer
  2543 | Sewer    | Noticed a crocodile
  2558 | Sewer    | Killed a crocodile
  2558 | Sewer    | Reached skill level 6 in Hexes
  2558 | Sewer    | Reached XP level 5. HP: 32/35 MP: 3/9
  2697 | D:2      | Became a worshipper of Gozag Ym Sagoz the Greedy
  3054 | D:3      | Noticed Terence
  3063 | D:3      | Killed Terence
  3076 | D:3      | Reached skill level 7 in Hexes
  3197 | D:3      | Reached XP level 6. HP: 41/41 MP: 6/10
  3677 | D:4      | Reached skill level 8 in Hexes
  3758 | D:4      | Reached XP level 7. HP: 40/46 MP: 12/12
  4189 | D:5      | Entered Level 5 of the Dungeon
  4247 | D:5      | Reached skill level 9 in Hexes
  4364 | D:5      | Found a blossoming altar of Fedhas.
  4364 | D:5      | Noticed a centaur
  4380 | D:5      | Killed a centaur
  4423 | D:5      | Reached skill level 5 in Short Blades
  4423 | D:5      | Reached XP level 8. HP: 52/52 MP: 10/13
  4458 | D:5      | Found a stormy altar of Qazlal.
  4526 | D:5      | Reached skill level 10 in Hexes
  4911 | D:5      | Found a staircase to the Ecumenical Temple.
  5053 | D:5      | Found a deep blue altar of Sif Muna.
  5351 | D:6      | Reached skill level 11 in Hexes
  5389 | D:6      | Found a glowing golden altar of the Shining One.
  5542 | D:6      | Noticed Grinder
  5558 | D:6      | Killed Grinder
  5558 | D:6      | Reached skill level 10 in Stealth
  5558 | D:6      | Reached XP level 9. HP: 54/57 MP: 4/14
  5564 | D:6      | Reached skill level 12 in Hexes
  6377 | D:6      | Found a bloodstained altar of Trog.
  6483 | D:7      | Shot with an arrow by a centaur

Action                   |  1- 3 |  4- 6 |  7- 9 || total
-------------------------+-------+-------+-------++-------
Melee: Dagger            |   149 |   118 |   229 ||   496
 Cast: Corona            |    12 |       |       ||    12
       Ensorcelled Hiber |    12 |    15 |    36 ||    63
       Confuse           |     1 |     6 |     4 ||    11
  Use: Scroll            |     9 |     2 |     3 ||    14
       Potion            |       |     2 |       ||     2
 Stab: Sleeping          |    17 |    18 |    43 ||    78
       Confused          |     1 |     2 |     4 ||     7
       Distracted        |       |       |     4 ||     4
